AoeStats
← [AirBo]一大包

Nomad

506402987Analyzed
4v4 RM · 18d ago on Sep 13, 2026· 46m 48s· 8 players
Game mode
Random Map
Map size
231×231
Population
200
Speed
Normal
Resources
Standard
Victory
Conquest
Starting age
Dark Age
Ending age
Imperial Age
RankedLock teamsTeams togetherTeam positionsShared explorationLock speedFull tech treeHidden civsTurbo modeCheats
Victory
Defeat
🇦🇷 Sicilians · Argentina
1704
+8
🇭🇰 Bulgarians · Hong Kong SAR China
1679
+9
🇹🇼 Italians · Taiwan
1595
+12
🇹🇼 Slavs · Taiwan
1584
+12
🇺🇸 Celts · United States
1592
-13
🇩🇪 Aztecs · Germany
1536
-11
🇨🇳 Vikings · China
1465
-9
🇹🇼 Wu · Taiwan
1427
-8
deev
9:34 Loom
12:53 Feudal Age
17:02 Castle Age
15:29 Double-Bit Axe
17:59 Medium Warships
19:29 Bow Saw
19:06 Town Watch
22:13 Wheelbarrow
22:29 Horse Collar
23:18 Pikeman
30:45 Scale Mail Armor
31:00 Arson
35:23 Chain Mail Armor
39:05 Imperial Age
38:13 Forging
40:50 Conscription
41:05 Plate Mail Armor
40:42 Devotion
40:46 Capped Ram
41:33 Gold Mining
42:46 Fortified Wall
43:41 Ballistics
45:23 Siege Engineers
Erg_Raider
6:03 Loom
13:46 Feudal Age
15:02 Double-Bit Axe
21:39 Castle Age
21:13 Fletching
21:08 Fishing Lines
22:26 Gillnets
22:52 Bow Saw
23:04 Gillnets
23:27 Scale Mail Armor
22:50 Eagle Warrior
24:39 Wheelbarrow
24:43 Pikeman
25:33 Squires
26:17 Horse Collar
27:49 Gold Mining
29:51 Hand Cart
30:15 Chain Mail Armor
30:10 Forging
33:55 Imperial Age
32:46 Iron Casting
32:20 Arson
32:20 Gambesons
33:37 Heavy Plow
34:04 Elite Eagle Warrior
35:15 Plate Mail Armor
35:23 Bodkin Arrow
37:16 Blast Furnace
37:36 Crop Rotation
37:58 Capped Ram
38:47 Bracer
40:25 Conscription
41:21 Ballistics
42:02 Chemistry
42:07 Padded Archer Armor
42:17 Man-at-Arms
43:52 Garland Wars
45:04 Atlatl
45:11 Long Swordsman
45:19 Elite Jaguar Warrior
46:04 Long Swordsman
Miru
4:40 Loom
13:37 Feudal Age
14:14 Double-Bit Axe
15:31 Forging
20:21 Fletching
26:25 Fishing Lines
31:35 Wheelbarrow
34:29 Gold Mining
37:16 Castle Age
38:26 Bow Saw
42:14 Gillnets
45:36 Ballistics
44:56 Treadmill Crane
45:22 Red Cliffs Tactics
45:27 Pikeman
46:07 Squires
45:53 Arson
岁月淹及
12:03 Loom
14:24 Feudal Age
16:01 Double-Bit Axe
17:47 Fletching
21:31 Castle Age
19:24 Horse Collar
20:17 Stone Mining
21:05 Fishing Lines
22:24 Bow Saw
23:22 Town Watch
23:50 Gillnets
31:50 Imperial Age
30:18 Gold Mining
33:49 Two-Man Saw
33:03 Bodkin Arrow
40:19 Gold Shaft Mining
39:48 Heavy Plow
43:43 Chemistry
43:13 Murder Holes
43:45 Ballistics
43:51 Scale Mail Armor
44:01 Forging
44:51 Conscription
44:50 Chain Mail Armor
46:40 Masonry
甜心包
5:33 Loom
13:41 Feudal Age
14:36 Town Watch
17:25 Castle Age
31:27 Imperial Age
29:38 Gold Mining
32:02 Sanctity
32:38 Block Printing
33:45 Illumination
34:04 Redemption
37:48 Theocracy
[AirBo]實心包
5:14 Loom
13:00 Feudal Age
15:40 Town Watch
19:37 Castle Age
20:31 Double-Bit Axe
22:38 Horse Collar
26:59 Fletching
31:29 Scale Mail Armor
31:38 Scale Barding Armor
34:23 Chain Barding Armor
35:59 Wheelbarrow
39:41 Imperial Age
37:18 Scale Mail Armor
37:28 Forging
38:13 Bow Saw
38:08 Gold Mining
38:09 Stone Mining
38:16 Gambesons
38:32 Squires
39:25 Chain Mail Armor
40:21 Capped Ram
42:33 Plate Mail Armor
44:06 Heavy Plow
45:54 Iron Casting
45:04 Siege Ram
48:04 Blast Furnace
[AirBo]一大包
11:20 Loom
13:31 Feudal Age
17:54 Castle Age
17:42 Scale Barding Armor
19:07 Horse Collar
20:42 Double-Bit Axe
33:10 Bow Saw
40:17 Imperial Age
38:52 Fletching
39:18 Bloodlines
39:08 Husbandry
42:29 Imperial Age
40:23 Heavy Plow
40:55 Chain Barding Armor
40:31 Bodkin Arrow
41:42 Wheelbarrow
41:19 Detinets
41:34 Forging
42:48 Iron Casting
46:25 Caravan
[AirBo]空氣包
4:29 Loom
13:37 Feudal Age
17:19 Castle Age
16:19 Town Watch
20:08 Fletching
20:40 Bodkin Arrow
22:24 Horse Collar
30:08 Double-Bit Axe
32:41 Scale Mail Armor
33:32 Chain Mail Armor
33:27 Forging
34:01 First Crusade
34:23 Squires
39:37 Imperial Age
38:15 Scale Barding Armor
39:01 Chain Barding Armor
39:46 Bloodlines
39:36 Husbandry
39:49 Forging
40:51 Iron Casting
39:39 Cavalier
40:25 Hauberk
41:38 Wheelbarrow
41:28 Conscription
42:09 Plate Barding Armor
43:49 Blast Furnace
43:18 Hand Cart
44:05 Heavy Plow
44:09 Gold Mining
45:12 Plate Mail Armor
Connection lost

Rejoining the realm…

Still unreachable

The connection could not be restored.

Session expired

The server has moved on; the page needs a fresh start.